 Dungeon Crawl Stone Soup version 0.28.0-43-g3370ac3207 (webtiles) character file.

Game seed: 8518107490597193773

337 vvl the Poker (level 6, -2/48 HPs)
             Began as a Merfolk Fighter on Mar 17, 2022.
             Slain by Dowan
             ... wielding a +0 dagger
              (6 damage)
             ... on level 4 of the Dungeon.
             The game lasted 00:08:03 (5069 turns).

vvl the Poker (Merfolk Fighter)                     Turns: 5069, Time: 00:08:03

Health: -2/48      AC:  6    Str: 16    XL:     6   Next: 54%
Magic:  17/17      EV: 11    Int: 10    God:
Gold:   7          SH:  5    Dex: 13    Spells: 8/8 levels left

rFire   . . .      SeeInvis .   a - +0 trident
rCold   . . .      Faith    .   c - +0 buckler
rNeg    . . .      Spirit   .   k - +0 ring mail
rPois   .          Reflect  .   o - +0 helmet
rElec   .          Harm     .   (no cloak)
rCorr   .          Rampage  .   (no gloves)
Will    .....      Clarity  +   (no boots)
Stlth   ++........              (no amulet)
HPRegen 0.16/turn               i - ring of magical power
MPRegen 0.15/turn               (no ring)

@: no status effects
A: (nimble swimmer 2), mertail, camouflage 1, clarity
a: no special abilities


You were on level 4 of the Dungeon.
You visited 1 branch of the dungeon, and saw 4 of its levels.

You collected 102 gold pieces.
You spent 95 gold pieces at shops.

Inventory:

Hand Weapons
 a - a +0 trident (weapon)
Armour
 c - a +0 buckler (worn)
 k - a +0 ring mail (worn)
 o - a +0 helmet (worn)
Jewellery
 i - a ring of magical power (left hand)
Scrolls
 b - a scroll of acquirement {unknown}
 e - 3 scrolls of blinking {unknown}
 f - a scroll of magic mapping {unknown}
 g - a scroll of enchant weapon {unknown}
 h - a scroll of immolation {unknown}
 j - a scroll of silence {unknown}
 l - a scroll of identify {unknown}
 m - 2 scrolls of teleportation {unknown}
 q - a scroll of fear {unknown}
Potions
 n - a potion of lignification {unknown}
 p - a potion of degeneration {unknown}
 r - a potion of magic {unknown}
 s - a potion of ambrosia {unknown}


   Skills:
 + Level 4.2 Fighting
 + Level 4.4 Polearms
 + Level 2.7 Armour
 + Level 2.7 Dodging
 - Level 4.0 Shields
 + Level 1.9 Spellcasting
 + Level 2.8 Transmutations


You had 8 spell levels left.
You didn't know any spells.
Your spell library contained the following spells:

 Spells                   Type           Power      Damage    Failure   Level
 Slow                     Hex            0%         N/A       61%         1
 Confusing Touch          Hex            0%         N/A       93%         3
 Vampiric Draining        Necr           0%         2d6       93%         3


Dungeon Overview and Level Annotations

Branches:
Dungeon (4/15)
 Temple: D:4-7

Altars:

Shops:
D:3 *

Annotations:
D:4 Dowan


Innate Abilities, Weirdness & Mutations

((You are very nimble when in or above water. (Stealth+, EV+, Speed+++)))
Your lower body shifts to a powerful aquatic tail in water.
Your skin changes colour to match your surroundings (Stealth+).
You possess an exceptional clarity of mind.


Message History

You climb upwards.
There is a stone staircase leading down here.
You start resting.
You feel a little less mighty now.
You start resting.
HP restored.
You start waiting.
Done waiting.
You start waiting.
Done waiting.
You climb downwards.
Level annotation: Dowan
There is a stone staircase leading up here.
You closely miss Dowan. Dowan misses you. Dowan barely misses you.
You closely miss Dowan. Dowan misses you. Dowan hits you but does no damage.
You hit Dowan.
Dowan is lightly wounded.
Dowan hits you but does no damage.
You hit Dowan.
Dowan is moderately wounded.
Dowan says, "Magic will overcome all!"
You block Dowan's attack. Dowan hits you with a +0 dagger.
You miss Dowan.
Dowan is moderately wounded.
Dowan hits you with a +0 dagger. Dowan casts a spell at you.
The stone arrow hits you!
You hit Dowan.
Dowan is moderately wounded.
Dowan barely misses you.
You puncture Dowan!
Dowan is severely wounded.
You block Dowan's attack.
Dowan points at you and mumbles some strange words.
The shard of ice hits you!!
* * * LOW HITPOINT WARNING * * *
You barely miss Dowan.
Dowan is severely wounded.
Dowan hits you with a +0 dagger.
You die...

#.# #.# #.# #.#
##.## #...# #...#
#.@e## ###..##
####รท..#######.##..
+........).........
####...#######.##..
#..... .....###.
.....# .# ......# #


You could see Dowan (fast).

Vanquished Creatures
  Duvessa (D:4)
  Ijyb (D:4)
  Natasha (twice) (D:3)
  Robin (D:3)
  4 gnolls
  2 adders
  An orc (D:3)
  8 ball pythons
  7 endoplasms
  3 giant cockroaches
  9 goblins
  11 hobgoblins
  10 jackals
  3 quokkas
  8 bats
  4 frilled lizards
  8 kobolds
  7 rats
90 creatures vanquished.

Vanquished Creatures (others)
  8 fungi (D:4)
8 creatures vanquished.

Grand Total: 98 creatures vanquished

Notes
Turn   | Place    | Note
-------+----------+-------------------------------------------
     0 | D:1      | vvl the Merfolk Fighter began the quest for the Orb.
     0 | D:1      | Reached XP level 1. HP: 18/18 MP: 1/1
   153 | D:1      | Reached XP level 2. HP: 16/24 MP: 2/2
   442 | D:1      | Reached skill level 1 in Dodging
   883 | D:2      | Reached XP level 3. HP: 15/29 MP: 3/3
   889 | D:2      | Reached skill level 1 in Transmutations
  1249 | D:2      | Found a faded altar of an unknown god.
  1709 | D:2      | Reached skill level 1 in Spellcasting
  1709 | D:2      | Reached XP level 4. HP: 37/37 MP: 5/5
  2149 | D:3      | Noticed Natasha
  2160 | D:3      | Killed Natasha
  2306 | D:3      | Gained mutation: You possess an exceptional clarity of
                  | mind. [potion of mutation]
  2306 | D:3      | Gained mutation: Your skin changes colour to match your
                  | surroundings (Stealth+). [potion of mutation]
  2589 | D:2      | Reached XP level 5. HP: 18/42 MP: 6/6
  2972 | D:3      | Noticed Natasha
  3186 | D:3      | Noticed Robin
  3533 | D:3      | Killed Natasha
  3836 | D:3      | Killed Robin
  4437 | D:3      | Found Xahumic's Assorted Antiques.
  4443 | D:3      | Bought a bubbling red potion for 23 gold pieces
  4443 | D:3      | Bought a scroll labelled KIQUX HATRORU for 26 gold pieces
  4443 | D:3      | Bought a fuming pink potion for 23 gold pieces
  4443 | D:3      | Bought a blue potion for 23 gold pieces
  4545 | D:4      | Noticed Ijyb
  4547 | D:4      | Noticed Duvessa
  4553 | D:4      | Noticed Dowan
  4570 | D:4      | Killed Ijyb
  4571 | D:4      | Reached XP level 6. HP: 31/48 MP: 8/8
  4575 | D:4      | Killed Duvessa
  5069 | D:4      | Slain by Dowan

Illustrated notes

Levels and vault maps discovered:
D:1:      psy_arrival_basics, layout_rooms, minmay_misc_feat_diagonals
D:2:      layout_loops_cross, ebering_ecumenical_altar_abandoned,
          roderic_serpentine_path, grunt_ministairs_6, solitary_fountain,
          st_stairs_10
D:3:      layout_basic, serial_shops, shop, uniq_natasha, uniq_robin
D:4:      layout_loops_corners, gammafunk_temple_overflow_forgotten,
          serial_aquarium, aquarium_bridge_square [aquarium_subvault_window,
          aquarium_subvault_wall, aquarium_subvault_bridge,
          aquarium_subvault_balcony], aquarium_window_fake, aquarium_window_2,
          aquarium_view_2d, aquarium_balcony_5b, aquarium_pool_four,
          uniq_duvessa, uniq_ijyb

Skill      XL: |  1  2  3  4  5  6 |
---------------+-------------------+-----
Dodging        | 1 2 |  2.7
Transmutations | 1 2 |  2.8
Spellcasting   | 1 |  1.9
Fighting       | 4 |  4.2
Polearms       | 4 |  4.4
Shields        | 4 |  4.0
Armour         | |  2.7

Action                   |  1- 3 |  4- 6 || total
-------------------------+-------+-------++-------
Melee: Trident           |   130 |   208 ||   338
  Use: Potion            |       |     3 ||     3
 Stab: Sleeping          |       |     3 ||     3
Armor: Scale mail        |    42 |       ||    42
       Ring mail         |     7 |    58 ||    65
Dodge: Dodged            |    51 |   100 ||   151
Block: Buckler           |    24 |    52 ||    76
